 Dungeon Crawl Stone Soup version 0.23.2-1-ga50397a (webtiles) character file.

Game seed: 4435699534911728663

148 MaxwellSilver the Cutter (level 5, 0/45 HPs)
             Began as a Minotaur Fighter on May 15, 2019.
             Succumbed to a water moccasin's poison
             ... on level 2 of the Dungeon.
             The game lasted 00:02:52 (884 turns).

MaxwellSilver the Cutter (Minotaur Fighter)          Turns: 884, Time: 00:02:52

Health: 0/45       AC:  6    Str: 21    XL:     5   Next: 8%
Magic:  4/4        EV:  7    Int:  5    God:
Gold:   49         SH:  9    Dex: 10    Spells: 4/4 levels left

rFire    . . .     SeeInvis .   a - +0 rapier
rCold    . . .     Gourm    .   c - +0 shield
rNeg     . . .     Faith    .   b - +0 scale mail
rPois    .         Spirit   .   (helmet restricted)
rElec    .         Reflect  .   (no cloak)
rCorr    .         Harm     .   (no gloves)
MR       .....                  (no boots)
Stlth    ..........             k - amulet of magic regeneration
HPRegen  0.15/turn              j - ring of attention (curse)
MPRegen  0.34/turn              (no ring)

@: lethally poisoned (0 -> -6)
A: retaliatory headbutt, horns 2
a: no special abilities


You were on level 2 of the Dungeon.
You were not hungry.

You visited 1 branch of the dungeon, and saw 2 of its levels.

You collected 49 gold pieces.

Inventory:

Hand Weapons
 a - a +0 rapier (weapon)
Armour
 b - a +0 scale mail (worn)
 c - a +0 shield (worn)
Jewellery
 j - a cursed ring of attention (left hand)
 k - an amulet of magic regeneration (around neck)
Scrolls
 e - a scroll of immolation {unknown}
 g - 2 scrolls of magic mapping {unknown}
 h - 3 scrolls of remove curse {unknown}
 i - a scroll of identify {unknown}
 l - a scroll of fog {unknown}
 m - a scroll of enchant weapon {unknown}
Potions
 d - a potion of might
Comestibles
 f - 4 rations


   Skills:
 - Level 3.6 Fighting
 + Level 5.9 Short Blades
 - Level 3.6 Armour
 - Level 3.6 Shields


You had 4 spell levels left.
You didn't know any spells.
Your spell library was empty.

Dungeon Overview and Level Annotations

Branches:
Dungeon (2/15)

Altars:


Innate Abilities, Weirdness & Mutations

You reflexively headbutt those who attack you in melee.
You have a pair of horns on your head.


Message History

Your headbutt misses the water moccasin.
The water moccasin is almost dead.
You feel sick. You block the water moccasin's attack.
You hit the water moccasin but do no damage.
Your headbutt misses the water moccasin.
The water moccasin is almost dead.
You feel sick. The water moccasin bites you.
* * * LOW HITPOINT WARNING * * *
The water moccasin bites you.
* * * LOW HITPOINT WARNING * * *
You puncture the water moccasin!
You kill the water moccasin!
Your Short Blades skill increases to level 5!
You have reached level 4!
You feel agile.
You have reached level 5!
* * * LOW HITPOINT WARNING * * *
You feel sick.
Okay, then.
You die...

.... ....
...####### ##
..#.....##..) ##..
#............
.....#......?.....
###..#!...........
#......@†.........
...........?......
#.####.....%......
#............ ##
#..(<........ ##[.
#.#.....##...
.....###..##..##
##
##...........####
##..###.#........#


There were no monsters in sight!

Vanquished Creatures
  A water moccasin (D:2)
  An adder (D:2)
  A dart slug (D:1)
  4 bats (D:1)
  3 giant cockroaches
  4 goblins
  3 hobgoblins
  2 jackals (D:1)
  A ball python (D:1)
  4 frilled lizards
  5 kobolds
  4 rats (D:1)
33 creatures vanquished.

Notes
Turn   | Place    | Note
-------+----------+-------------------------------------------
     0 | D:1      | MaxwellSilver the Minotaur Fighter began the quest for the
                  | Orb.
     0 | D:1      | Reached XP level 1. HP: 19/19 MP: 0/0
   110 | D:1      | Reached skill level 3 in Short Blades
   134 | D:1      | Reached XP level 2. HP: 22/26 MP: 1/1
   626 | D:2      | Reached XP level 3. HP: 31/31 MP: 2/2
   683 | D:2      | Reached skill level 4 in Short Blades
   872 | D:2      | Noticed a water moccasin
   882 | D:2      | HP: 1/31 [water moccasin (4)]
   883 | D:2      | Killed a water moccasin
   883 | D:2      | Reached skill level 5 in Short Blades
   883 | D:2      | Reached XP level 4. HP: 2/39 MP: 3/3
   883 | D:2      | Reached XP level 5. HP: 2/45 MP: 4/4
   884 | D:2      | Succumbed to a water moccasin's poison

Skill      XL: |  1  2  3 |
---------------+----------+-----
Short Blades   | 3 5 |  5.9
Fighting       | |  3.6
Armour         | |  3.6
Shields        | |  3.6

Action                   |  1- 3 |  4- 6 || total
-------------------------+-------+-------++-------
Melee: Rapier            |    87 |       ||    87
       Headbutt          |    16 |       ||    16
Armor: Scale mail        |    41 |       ||    41
Dodge: Dodged            |    18 |       ||    18
Block: Shield            |    38 |       ||    38
